Description

Aggressive build, especially good against eco zerg

Replay - Shrines of Lizul (6)

Build Order

Get SALT Encoding   

  12  0:00  SCV  
  13  0:12  SCV  
  14  0:22  Supply Depot  
  14  0:24  SCV  
  15  0:38  Refinery  
  15  0:44  SCV  
  15  0:48  Barracks  
  16  0:56  SCV  
  17  1:08  SCV  
  18  1:11  Barracks  
  18  1:20  SCV  
  19  1:32  SCV  
  20  1:39  Marine  
  21  1:42  Barracks  
  21  1:47  Orbital Command  
  21  1:53  Supply Depot  
  21  2:01  Marine x2  
  23  2:16  Supply Depot  
  23  2:19  Marine x2  
  23  2:22  SCV  
  26  2:33  Barracks Reactor  
  26  2:36  SCV  
  27  2:37  Marine x2  
  27  2:43  Supply Depot x2  
  30  2:55  Marine  
  30  2:56  Barracks Tech Lab  
  31  3:14  Marine x2  
  31  3:16  Combat Shields, Factory  
  36  3:39  Engineering Bay  
  37  3:41  Refinery  
  39  4:04  Factory Tech Lab  
  39  4:08  Engineering Bay  
  43  4:24  Starport, Siege Tank  
  48  4:52  Command Center  
  48  5:08  Viking  
  50  5:17  Armory  
Spawning Tool Build Advisor. Get it on Overwolf

Go to:

Details

  • Created by: kraken
  • Published on: Apr 11, 2017
  • Modified on: Apr 11, 2017
  • Patch: 3.8.0
Show
View Real Time Build Order
Export as new Build Order

Comments (0)

There are no comments. Be the first!

Create an account to comment!